 Dungeon Crawl Stone Soup version 0.30-a0-949-g53dc5368d7 (webtiles) character file.

Game seed: 10824129189544699721

3930 EonDragon20 the Transmogrifier (level 10, -7/73 HPs)
             Began as a Merfolk Transmuter on Mar 28, 2023.
             Was a Follower of Wu Jian.
             Mangled by a yak (17 damage)
             ... on level 9 of the Dungeon.
             The game lasted 00:40:23 (8452 turns).

EonDragon20 the Transmogrifier (Merfolk Transmuter) Turns: 8452, Time: 00:40:24

Health: -7/73      AC:  2    Str: 15    XL:     10   Next: 21%
Magic:  16/16      EV: 25    Int: 18    God:    Wu Jian [*.....]
Gold:   536        SH:  0    Dex: 20    Spells: 4/17 levels left

rFire   . . .      SeeInvis .      - Unarmed
rCold   . . .      Faith    .    (shield currently unavailable)
rNeg    . . .      Spirit   .    p - melded +1 leather armour
rPois   x          Reflect  .    n - melded +1 helmet
rElec   .          Rampage  .    (cloak currently unavailable)
rCorr   .                        (gloves currently unavailable)
Will    .....                    (boots currently unavailable)
Stlth   ++                       (no amulet)
HPRegen 0.32/turn                f - +6 ring of intelligence
MPRegen 0.15/turn                e - +5 ring of evasion

@: spider-form (expiring)
A: venomous fangs, tiny, (nimble swimmer 2), (mertail)
a: End Transformation, Renounce Religion


You were on level 9 of the Dungeon.
You worshipped Wu Jian.
Wu Jian was aware of your devotion.
You were a venomous arachnid creature.
You visited 2 branches of the dungeon, and saw 10 of its levels.

You collected 536 gold pieces.

Inventory:

Armour
 n - a +1 helmet (melded)
 p - a +1 leather armour (melded)
Jewellery
 a - a ring of fire
 e - a +5 ring of evasion (right front pincers)
 f - a +6 ring of intelligence (left front pincers)
 k - a +4 ring of protection
 t - a ring of protection from cold
 u - a ring of resist corrosion
Scrolls
 c - a scroll of vulnerability {unknown}
 g - 4 scrolls of enchant weapon
 q - 2 scrolls of amnesia
 s - a scroll of identify
 y - a scroll of torment {unknown}
Potions
 b - a potion of lignification
 d - a potion of degeneration {unknown}
 h - 2 potions of cancellation
 i - 2 potions of ambrosia {unknown}
 j - 3 potions of attraction
 l - 2 potions of curing {unknown}
 m - a potion of heal wounds {unknown}
 o - 3 potions of mutation
 r - 2 potions of invisibility {unknown}
 v - a potion of brilliance {unknown}
 w - a potion of berserk rage {unknown}
 x - a potion of might {unknown}


   Skills:
 + Level 4.7 Fighting
 - Level 2.6 Dodging
 * Level 4.7 Unarmed Combat
 + Level 4.3 Spellcasting
 - Level 4.0 Conjurations
 * Level 9.9 Transmutations
 - Level 4.8 Ice Magic
 - Level 4.0 Air Magic
 - Level 6.3 Poison Magic


You had 4 spell levels left.
You knew the following spells:

 Your Spells              Type           Power      Damage    Failure   Level
a - Beastly Appendage     Tmut           78%        N/A       2%          1
b - Wereblood             Tmut           39%        N/A       3%          2
c - Spider Form           Tmut/Pois      33%        N/A       7%          3
d - Ice Form              Ice/Tmut       30%        N/A       19%         4
e - Mephitic Cloud        Conj/Pois/Air  21%        N/A       17%         3

Your spell library contained the following spells:

 Spells                   Type           Power      Damage    Failure   Level
 Magic Dart               Conj           72%        1d6       10%         1
 Call Imp                 Summ           3%         N/A       43%         2
 Summon Lightning Spire   Summ/Air       11%        N/A       73%         4
 Storm Form               Tmut/Air       14%        N/A       100%        7
 Maxwell's Capacitive Co  Air            9%         ∞         100%        8


Dungeon Overview and Level Annotations

Branches:
Dungeon (9/15)             Temple (1/1) D:4
   Lair: D:8-11         Orc: D:9-12

Altars:
Ashenzari
Cheibriados
Dithmenos
Elyvilon
Fedhas
Gozag
Hepliaklqana
Kikubaaqudgha
Makhleb
Okawaru
Qazlal
Ru
Trog
Uskayaw
Vehumet
Wu Jian
Xom
Yredelemnul
Zin

Portals:
Ossuary: D:8

Annotations:
D:2 1 runed translucent door, Crazy Yiuf
D:8 Erica, Psyche


Innate Abilities, Weirdness & Mutations

You are a venomous arachnid creature.
You have venomous fangs.
You are tiny and dextrous.
Your spellcasting is less reliable in this form.
Your armour is entirely melded.
You are incapable of wielding weapons or throwing items.
((You are very nimble when in or above water. (Stealth+, EV+, Speed+++)))
((Your lower body shifts to a powerful aquatic tail in water.))


Message History

You hit the yak.
The yak looks as sick as possible!
The yak is lightly wounded.
The yak misses you.
You hit the yak.
The yak is moderately wounded.
The yak misses you.
You hit the yak.
The yak is heavily wounded.
The yak misses you.
You bite the yak!
The yak looks as sick as possible!
The yak is severely wounded.
The yak misses you.
You hit the yak.
The yak looks as sick as possible!
The yak is almost dead.
You kill the yak!
The Council accepts your kill.
You bite the yak!
The yak is poisoned.
The yak is moderately wounded.
The yak gores you!
You completely miss the yak.
The yak is moderately wounded.
You hit the yak.
The yak looks as sick as possible!
The yak is heavily wounded.
The yak completely misses you.
You hit the yak.
The yak looks as sick as possible!
The yak is heavily wounded.
The yak gores you!
You hit the yak but do no damage.
The yak looks as sick as possible!
The yak is heavily wounded.
The yak gores you!
* * * LOW HITPOINT WARNING * * *
Things that are here:
a +2 trident of venom; a +0 ring mail The yak attacks as you move away!
The yak gores you!
* * * LOW HITPOINT WARNING * * *
Your transformation is almost over.
You hit the yak but do no damage.
The yak looks as sick as possible!
The yak is severely wounded.
The yak gores you!
You die...

#.#.#...##...##........
##.#)##...#..##.....†#..
##..#[.#...####......##..
#...##.##...##......####.
#.#.#...#...#......## #.
#.#.#.#.##........## ##
#.#.###..#.......## #
#.#.#....##.....## #
#.#.#.##s.#.(..##
#.#.###.)Y##..##
##.###...#)5†.##
#...<########## ######


You could see a yak (extremely poisoned) and a lemure.

Vanquished Creatures
  A troll (D:9)
  A hornet (D:7)
  Prince Ribbit (D:7)
  A wyvern (D:9)
  5 yaks (D:9)
  A steam dragon (D:5)
  Menkaure (D:7)
  2 orc warriors (D:9)
  3 water moccasins
  A black bear (D:7)
  A centaur (D:9)
  A phantom (D:4)
  A kobold brigand (D:6)
  3 bullfrogs
  A gnoll sergeant (D:9)
  A scorpion (D:6)
  5 wights (D:7)
  4 hounds
  2 jellies
  2 gnoll boudas
  2 orc priests
  An iguana (D:6)
  2 sleepcaps
  An orc wizard (D:7)
  A mummy (D:8)
  Robin (D:2)
  8 adders
  13 gnolls
  3 white imps (D:7)
  An ufetubus (D:5)
  2 worms
  4 dart slugs
  20 orcs
  8 endoplasms
  8 giant cockroaches
  19 goblins
  9 hobgoblins
  9 jackals
  13 kobolds
  4 quokkas
  7 ball pythons
  9 bats
  3 frilled lizards
  An orc zombie (D:8)
  6 rats
193 creatures vanquished.

Notes
Turn   | Place    | Note
-------+----------+-------------------------------------------
     0 | D:1      | EonDragon20 the Merfolk Transmuter began the quest for the
                  | Orb.
     0 | D:1      | Reached XP level 1. HP: 15/15 MP: 3/3
   248 | D:1      | Reached skill level 3 in Transmutations
   278 | D:1      | Reached XP level 2. HP: 17/21 MP: 3/5
   291 | D:1      | Learned a level 2 spell: Wereblood
   686 | D:1      | Found a faded altar of an unknown god.
   769 | D:1      | Reached XP level 3. HP: 26/26 MP: 6/6
   776 | D:1      | Learned a level 3 spell: Spider Form
  1254 | D:2      | Reached skill level 1 in Poison Magic
  1263 | D:2      | Found a runed translucent door.
  1264 | D:2      | Noticed Crazy Yiuf
  1328 | D:2      | Reached XP level 4. HP: 33/33 MP: 1/7
  1343 | D:2      | Noticed Robin
  1352 | D:2      | Killed Robin
  1353 | D:2      | Reached skill level 4 in Transmutations
  1899 | D:3      | Reached XP level 5. HP: 29/38 MP: 5/8
  1991 | D:3      | Found a shimmering altar of Xom.
  2393 | D:3      | Reached skill level 5 in Transmutations
  2609 | D:3      | Reached XP level 6. HP: 46/46 MP: 8/10
  2617 | D:3      | Learned a level 4 spell: Ice Form
  3060 | D:4      | Found a hazy altar of Hepliaklqana.
  3199 | D:4      | Found a staircase to the Ecumenical Temple.
  3231 | D:4      | Reached skill level 1 in Ice Magic
  3245 | Temple   | Entered the Ecumenical Temple
  3281 | Temple   | Became a worshipper of the Wu Jian Council
  3383 | D:4      | Found a blossoming altar of Fedhas.
  3886 | D:5      | Entered Level 5 of the Dungeon
  3886 | D:5      | Noticed a water moccasin
  4250 | D:5      | Killed a water moccasin
  4251 | D:5      | Reached skill level 6 in Transmutations
  4251 | D:5      | Reached XP level 7. HP: 29/52 MP: 6/11
  5138 | D:6      | Noticed a steam dragon
  5166 | D:6      | Reached * piety under Wu Jian
  5191 | D:4      | Reached skill level 7 in Transmutations
  5318 | D:5      | Killed a steam dragon
  5319 | D:5      | Reached XP level 8. HP: 12/60 MP: 10/13
  5486 | D:5      | Learned a level 3 spell: Mephitic Cloud
  5980 | D:6      | Reached skill level 8 in Transmutations
  6473 | D:7      | Noticed Menkaure
  6494 | D:7      | Killed Menkaure
  6495 | D:7      | Reached skill level 1 in Conjurations
  6495 | D:7      | Reached skill level 1 in Air Magic
  6812 | D:7      | Reached XP level 9. HP: 65/65 MP: 5/15
  7061 | D:7      | Noticed Prince Ribbit
  7088 | D:7      | Killed Prince Ribbit
  7351 | D:7      | Found an ancient bone altar of Kikubaaqudgha.
  7351 | D:7      | Noticed a hornet
  7362 | D:7      | Killed a hornet
  7363 | D:7      | Reached skill level 5 in Poison Magic
  7640 | D:8      | Noticed Psyche
  7647 | D:8      | Found a sand-covered staircase.
  7839 | D:8      | Found a stormy altar of Qazlal.
  7839 | D:8      | Noticed Erica
  7932 | D:9      | Reached skill level 9 in Transmutations
  8066 | D:9      | HP: 3/78 [centaur (6)]
  8067 | D:9      | Reached ** piety under Wu Jian
  8068 | D:9      | Reached XP level 10. HP: 4/72 MP: 11/16
  8452 | D:9      | Mangled by a yak

Illustrated notes

Levels and vault maps discovered:
D:1:      dpeg_arrival_subterranean_lakeside_camping, layout_loops_ring,
          basic_ecumenical_altar
D:2:      layout_loops_cross, minmay_pentomino_v2, uniq_crazy_yiuf_cottage,
          uniq_robin
D:3:      layout_basic, mainiacjoe_overflow_paths
D:4:      layout_loops_corners, mainiacjoe_overflow_brackets,
          general_overflow_altar, minmay_temple_entry_tees
D:5:      layout_loops_ring, minmay_misc_feat_room
D:6:      layout_cave_pools, serial_column_ruins, column_ruins_grid_1,
          column_ruins_grid_1, column_ruins_open_medium_water,
          column_ruins_open_small, column_ruins_open_small
D:7:      layout_cave_pods, kiku_gazebo_pond_becter, uniq_menkaure,
          uniq_prince_ribbit1
D:8:      layout_rooms, lemuel_blue_sif_altar, nicolae_qazlal_style_of_elements,
          nicolae_ossuary_entry_giza, uniq_psyche, uniq_erica
D:9:      minmay_razor_zed, layout_rooms, mainiacjoe_overflow_six_doors_small,
          special_room [special_room_orc], serial_shops,
          nicolae_shop_advertising_works [nicolae_subvault_shop_adworks],
          hangedman_decor_push, uniq_pikel
Temple:   nicolae_temple_ecumenical_triangle

Skill      XL: |  1  2  3  4  5  6  7  8  9 10 |
---------------+-------------------------------+-----
Transmutations | 3 4 5 6 7 8 9 |  9.9
Poison Magic   | 1 2 3 4 6 |  6.3
Fighting       | 2 3 4 |  4.7
Ice Magic      | 2 4 |  4.8
Spellcasting   | 3 4 |  4.3
Conjurations   | 1 4 |  4.0
Air Magic      | 1 4 |  4.0
Unarmed Combat | 4 |  4.7
Dodging        | |  2.6

Action                     |  1- 3 |  4- 6 |  7- 9 | 10-12 || total
---------------------------+-------+-------+-------+-------++-------
  Melee: Unarmed           |   129 |   228 |   265 |    29 ||   651
         Headbutt          |    15 |    22 |     4 |       ||    41
         Punch             |     1 |     5 |     1 |       ||     7
   Cast: Beastly Appendage |    15 |    19 |     4 |       ||    38
         Spider Form       |     2 |    11 |     6 |     2 ||    21
         Wereblood         |     1 |       |     6 |       ||     7
         Ice Form          |       |     1 |    17 |       ||    18
Ability: Lunge             |       |     2 |    11 |       ||    13
         Whirlwind         |       |       |     3 |       ||     3
    Use: Scroll            |     3 |     9 |     5 |       ||    17
         Potion            |       |       |     2 |       ||     2
   Stab: Sleeping          |     1 |     3 |       |       ||     4
 Armour: Robe              |    24 |     1 |       |       ||    25
         Skin              |       |     3 |    41 |     2 ||    46
         Leather armour    |       |    11 |     9 |       ||    20
  Dodge: Dodged            |   103 |   198 |   231 |    24 ||   556

Table legend: (Time is in decaauts)
 A = Elapsed time spent in this place.
 B = Non-inter-level travel time spent in this place.
 C = Inter-level travel time spent in this place.
 D = Time resting spent in this place.
 E = Time spent auto-exploring this place.
 F = Levels seen in this place.
 G = Mean time per level.
                   A        B        C        D        E       F      G
               +--------+--------+--------+--------+--------+-----+--------+
         Total |   8413 |   8190 |    223 |   1910 |   1345 |  10 |  841.3 |
       Dungeon |   8367 |   8144 |    223 |   1910 |   1345 |   9 |  929.7 |
        Temple |     45 |     45 |      0 |      0 |      0 |   1 |   45.0 |
               +--------+--------+--------+--------+--------+-----+--------+

Top non-repeatable levels by time:
     D:5: 1508 daAuts
     D:7: 1320 daAuts
     D:4: 1122 daAuts
     D:2: 1049 daAuts
     D:3: 1002 daAuts
     D:1: 810 daAuts
     D:6: 690 daAuts
     D:9: 577 daAuts
     D:8: 284 daAuts
  Temple: 45 daAuts
